 Dungeon Crawl Stone Soup version 0.19.1 (webtiles) character file.

3953 Rrauwl the Protected (level 10, -7/78 HPs)
             Began as a Formicid Fighter on Nov 30, 2016.
             Was a Follower of Ru.
             Killed by nerve-wracking pain
             ... invoked by a shadow imp
              (11 damage)
             ... on level 8 of the Dungeon.
             The game lasted 00:35:32 (5844 turns).

Rrauwl the Protected (Formicid Fighter)             Turns: 5844, Time: 00:35:33

Health: -7/78      AC: 11    Str: 27    XL:     10   Next: 45%
Magic:  14/14      EV: 12    Int: 10    God:    Ru [*.....]
Gold:   333        SH: 11    Dex: 13    Spells: 0 memorised, 9 levels left

rFire  . . .     SeeInvis +     x - +3 dire flail (holy)
rCold  . . .     Gourm    .     b - +1 scale mail
rNeg   . . .     Faith    .     c - +0 shield
rPois  .         Spirit   .     (helmet unavailable)
rElec  .         Reflect  .     m - +0 cloak
rCorr  .         Harm     .     (no gloves)
MR     +....                    (no boots)
Stlth  +.........               (no amulet)
                                D - +3 ring of dexterity
                                h - ring of flight

@: mighty, no scrolls
A: permanent stasis, dig shafts and tunnels, four strong arms, antennae 3,
rugged brown scales 1, inability to read while threatened
a: Dig, Shaft Self, Renounce Religion, Evoke Flight


You were on level 8 of the Dungeon.
You worshipped Ru.
Ru was aware of your devotion.
You were not hungry.

You visited 1 branch of the dungeon, and saw 8 of its levels.

You collected 333 gold pieces.

Inventory:

Hand Weapons
 l - a +4 quarterstaff of chaos
 x - a +3 dire flail of holy wrath (weapon)
 B - a +2 flail of distortion
 G - the +4 falchion of the Sun {pain, rF+ MR- Int+4}
   (You found it on level 7 of the Dungeon)

   In the hands of one skilled in necromantic magic, it inflicts extra damage on
   living creatures.
   It affects your intelligence (+4).
   It protects you from fire.
   It affects your resistance to hostile enchantments.
Missiles
 t - 38 arrows
Armour
 b - a +1 scale mail (worn)
 c - a +0 shield (worn)
 m - a +0 cloak (worn)
 E - a +2 leather armour of positive energy
Jewellery
 h - a ring of flight (left hand)
 D - a +3 ring of dexterity (right hand)
Wands
 a - a wand of flame (5/48)
 e - a wand of polymorph (13/24)
 q - a wand of flame (16/48)
 w - a wand of confusion (36/48)
 F - a wand of flame (34/48)
Scrolls
 i - a scroll of magic mapping
 o - 4 scrolls of enchant weapon
 r - 4 scrolls of recharging
 s - a scroll of immolation
 y - 6 scrolls of remove curse
 A - a scroll of amnesia
Potions
 d - a potion of might
 k - a potion of lignification
 p - a potion of curing
 z - a potion of cure mutation
Books
 n - a book of Maledictions

   Spells                             Type                      Level
   a - Corona                         Hexes                        1
   b - Ensorcelled Hibernation        Hexes/Ice                    2
   c - Confuse                        Hexes                        3
   d - Tukima's Dance                 Hexes                        3
   e - Dazzling Spray                 Conjuration/Hexes            3
 v - a book of Changes

   Spells                             Type                      Level
   a - Beastly Appendage              Transmutation                1
   b - Sticks to Snakes               Transmutation                2
   c - Spider Form                    Transmutation/Poison         3
   d - Ice Form                       Ice/Transmutation            4
   e - Blade Hands                    Transmutation                5
Comestibles
 f - 5 bread rations
 g - 2 meat rations
 u - 24 fruits


   Skills:
 - Level 6.0 Fighting
 + Level 7.3 Maces & Flails
 + Level 8.8 Armour
 - Level 4.0 Dodging
 - Level 2.0 Stealth
 - Level 7.0 Shields
 - Level 6.0 Evocations


You had 9 spell levels left.
You didn't know any spells.

Dungeon Overview and Level Annotations

Branches:
Dungeon (8/15)             Temple (0/1) D:7
   Lair: D:8-11

Altars:
Ru


Innate Abilities, Weirdness & Mutations

You are under a permanent stasis effect.
You can dig through walls and to a lower floor.
Your four strong arms can wield two-handed weapons with a shield.
You have a pair of large antennae on your head. (SInv)
You cannot read scrolls while threatened.
You are partially covered in rugged brown scales. (AC +1, +3% HP)


Message History

Grum is heavily wounded.
You block Grum's attack.
You puncture Grum!
Grum is almost dead.
Grum hits you with a spear.
* * * LOW HITPOINT WARNING * * *
A shadow imp comes into view.
You barely miss Grum.
Grum is almost dead.
The shadow imp shouts, "Slither hence, thou puny nut-hook giglet!"
You block Grum's attack.
You hit Grum.
Grum is almost dead.
Grum hits you with a spear!
* * * LOW HITPOINT WARNING * * *
You puncture Grum!
You kill Grum!
The shadow imp gestures at you. Pain shoots through your body!
You die...

###......##
##..####.#
#######...# #.#
.[........##.#
........#5..#
........##..#
######..#.#.####
#.........#
#......)@.#
#..######## #..#
#..# #...# #...#
#...# #....
.....


You could see a shadow imp.

Vanquished Creatures
  The ghost of Rrauwl the Cleaver, a novice FoFi of Cheibriados (D:8)
  Pikel (D:7)
  The ghost of Tyryt0 the Sneak, a novice OpMo (D:5)
  Grinder (D:5)
  Sigmund (D:2)
  Grum (D:8)
  Edmund (D:5)
  A sky beast (D:7)
  A centaur (D:6)
  3 ogres
  3 wolves (D:8)
  2 big kobolds (D:8)
  Blork the orc (D:4)
  6 scorpions
  A centaur zombie (D:8)
  2 jellies
  Crazy Yiuf (D:2)
  2 hounds (D:4)
  An orc priest (D:7)
  An orc wizard (D:6)
  2 bullfrog skeletons
  An iguana (D:6)
  Natasha (thrice) (D:4)
  5 worker ants
  A hound skeleton (D:5)
  A worker ant zombie (D:5)
  4 gnolls (D:3)
  10 adders
  A shadow imp (D:8)
  2 adder zombies
  3 adder skeletons
  3 worms
  2 dart slugs
  6 leopard geckos
  9 orcs
  3 bats
  6 giant cockroaches
  5 goblins
  15 hobgoblins
  3 jackals
  11 kobolds
  A quokka (D:3)
  A ball python (D:2)
  10 frilled lizards
  5 rats
  A plant (D:8)
146 creatures vanquished.

Notes
Turn   | Place    | Note
-------+----------+-------------------------------------------
     0 | D:1      | Rrauwl the Formicid Fighter began the quest for the Orb.
     0 | D:1      | Reached XP level 1. HP: 18/18 MP: 1/1
   267 | D:1      | Reached XP level 2. HP: 19/24 MP: 2/2
   309 | D:1      | Gained mutation: You are resistant to hostile enchantments. (MR+) [potion of mutation]
   309 | D:1      | Gained mutation: You are partially covered in rugged brown scales. (AC +1, +3% HP) [potion of mutation]
   309 | D:1      | Gained mutation: You are frail. (-10% HP) [potion of mutation]
   310 | D:1      | Gained mutation: You are agile. (Dex +2) [potion of mutation]
   310 | D:1      | Gained mutation: Your natural rate of healing is unusually fast. [potion of mutation]
   363 | D:1      | Reached skill level 1 in Stealth
   513 | D:1      | Reached XP level 3. HP: 26/26 MP: 3/3
   929 | D:2      | Found a runed door.
   933 | D:2      | Noticed Crazy Yiuf
   942 | D:2      | Killed Crazy Yiuf
   942 | D:2      | Reached XP level 4. HP: 16/34 MP: 1/4
  1402 | D:2      | Noticed Sigmund
  1412 | D:2      | Killed Sigmund
  1412 | D:2      | Reached skill level 4 in Armour
  1412 | D:2      | Reached skill level 1 in Dodging
  1412 | D:2      | Reached skill level 1 in Evocations
  1412 | D:2      | Reached XP level 5. HP: 12/39 MP: 4/6
  1412 | D:2      | Reached XP level 6. HP: 13/44 MP: 4/7
  1738 | D:3      | Reached skill level 5 in Shields
  2317 | D:4      | Reached XP level 7. HP: 51/51 MP: 8/8
  2442 | D:4      | Noticed Natasha
  2444 | D:4      | Noticed Blork the orc
  2452 | D:4      | Killed Natasha
  2461 | D:4      | Killed Blork the orc
  2499 | D:4      | Noticed Natasha
  2518 | D:4      | Killed Natasha
  2852 | D:4      | Noticed Natasha
  2858 | D:4      | Killed Natasha
  3485 | D:5      | Entered Level 5 of the Dungeon
  3495 | D:4      | Reached skill level 5 in Armour
  3507 | D:4      | Reached XP level 8. HP: 51/56 MP: 10/10
  3572 | D:5      | Reached skill level 5 in Fighting
  3583 | D:5      | Noticed Edmund
  3594 | D:5      | Killed Edmund
  3823 | D:5      | Noticed Grinder
  3828 | D:5      | Noticed Tyryt0's ghost (novice OpMo)
  3842 | D:5      | Killed Grinder
  3856 | D:5      | Killed Tyryt0's ghost
  3856 | D:5      | Reached skill level 6 in Armour
  3856 | D:5      | Reached XP level 9. HP: 49/64 MP: 10/12
  3869 | D:5      | Lost mutation: You are agile. (Dex +2) [potion of cure mutation]
  3869 | D:5      | Lost mutation: You are frail. (-10% HP) [potion of cure mutation]
  3869 | D:5      | Lost mutation: Your natural rate of healing is unusually fast. [potion of cure mutation]
  3869 | D:5      | Lost mutation: You are resistant to hostile enchantments. (MR+) [potion of cure mutation]
  4245 | D:6      | Found a sacrificial altar of Ru.
  4268 | D:6      | Became a worshipper of Ru the Awakened
  4563 | D:7      | Found a staircase to the Ecumenical Temple.
  4721 | D:7      | Reached skill level 5 in Maces & Flails
  4721 | D:7      | Reached skill level 5 in Evocations
  4745 | D:7      | Got a bloodstained falchion
  4746 | D:7      | Identified the +4 falchion of the Sun {pain, rF+ MR- Int+4} (You found it on level 7 of the Dungeon)
  4776 | D:7      | Noticed Pikel
  4791 | D:7      | Killed Pikel
  4791 | D:7      | Reached skill level 7 in Armour
  5089 | D:8      | Reached XP level 10. HP: 74/78 MP: 14/14
  5266 | D:8      | Gained mutation: You cannot read scrolls while threatened. [Ru sacrifice]
  5266 | D:8      | Reached * piety under Ru
  5528 | D:8      | Noticed Rrauwl's ghost (novice FoFi)
  5541 | D:8      | Killed Rrauwl's ghost
  5541 | D:8      | Reached skill level 8 in Armour
  5804 | D:8      | Noticed Grum
  5844 | D:8      | Killed Grum
  5844 | D:8      | Killed from afar by a shadow imp

Skill      XL: |  1  2  3  4  5  6  7  8  9 10 |
---------------+-------------------------------+-----
Stealth        | 1 2 |  2.0
Shields        | 4 5 6 7 |  7.0
Fighting       | 4 5 6 |  6.0
Armour         | 4 5 6 7 8 |  8.8
Dodging        | 1 2 3 4 |  4.0
Evocations     | 1 2 3 4 5 6 |  6.0
Maces & Flails | 3 4 5 7 |  7.3

Action                   |  1- 3 |  4- 6 |  7- 9 | 10-12 || total
-------------------------+-------+-------+-------+-------++-------
Melee: Flail             |   124 |       |       |       ||   124
       Mace              |       |   197 |   155 |       ||   352
       Dire flail        |       |       |   153 |    71 ||   224
Invok: Sacrifice Words   |       |       |       |     1 ||     1
 Abil: Dig               |       |       |       |     1 ||     1
  Use: Scroll            |     6 |     2 |     7 |     2 ||    17
       Potion            |     5 |     3 |     3 |     4 ||    15
  Eat: Chunk             |       |     5 |     7 |       ||    12
       Fruit             |       |       |     2 |     2 ||     4
       Beef jerky        |       |       |     1 |       ||     1
Armor: Scale mail        |    50 |    65 |   104 |    33 ||   252
Dodge: Dodged            |    40 |    68 |   113 |    50 ||   271
Block: Shield            |    57 |    77 |   178 |    63 ||   375
